 Dungeon Crawl Stone Soup version 0.20-a0-59-g66a9409 (console) character file.

2540 utis the Thaumaturge (level 9, -2/44 HPs)
             Began as a Spriggan Earth Elementalist on Nov 16, 2016.
             Shot with a sling bullet by Joseph (17 damage)
             ... on level 7 of the Dungeon.
             The game lasted 00:36:02 (11247 turns).

utis the Thaumaturge (Spriggan Earth Elementalist) Turns: 11247, Time: 00:36:03

Health: -2/44      AC:  4    Str:  7    XL:     9   Next: 30%
Magic:  30/33      EV: 23    Int: 20    God:
Gold:   294        SH:  0    Dex: 16    Spells: 9 memorised, 3 levels left

rFire  . . .     SeeInvis +     a - +2 dagger (venom)
rCold  . . .     Gourm    .     G - +1 robe {rN+}
rNeg   + . .     Faith    .     (shield restricted)
rPois  .         Spirit   .     (helmet restricted)
rElec  .         Reflect  .     o - +0 cloak
rCorr  .         Harm     .     (gloves unavailable)
MR     +....                    (boots unavailable)
Stlth  ++........               (no amulet)
                                S - +3 ring of strength
                                W - ring of magical power

@: very quick
A: unfitting armour, see invisible, herbivore 3, speed 3, slow metabolism 2
a: no special abilities


You were on level 7 of the Dungeon.
You were full.

You visited 1 branch of the dungeon, and saw 7 of its levels.

You collected 354 gold pieces.
You spent 60 gold pieces at shops.

Inventory:

Hand Weapons
 a - a +2 dagger of venom (weapon)
 h - a +1 short sword of holy wrath
 n - a +0 mace of holy wrath
 p - a +2 quarterstaff of chaos
 t - a +0 dagger
Missiles
 b - 127 stones {=f}
 k - 104 arrows
 v - 12 poisoned needles
 y - 76 bolts
 D - 3 tomahawks (quivered)
 I - 12 sling bullets
Armour
 c - a +0 robe
 j - a +0 cloak
 o - a +0 cloak (worn)
 G - a +1 robe of positive energy (worn)
Jewellery
 C - an uncursed ring of protection from cold
 F - an uncursed ring of fire
 L - a -3 ring of evasion
 S - a +3 ring of strength (right hand)
 W - a ring of magical power (left hand)
Wands
 m - a wand of acid (7/15)
 q - a wand of flame (0/48)
 u - a wand of lightning (11/15)
Scrolls
 r - a scroll of amnesia
 s - a scroll of teleportation {@r4}
 x - 2 scrolls of identify {@r1}
 z - a scroll of magic mapping
 E - a scroll of enchant weapon {unknown}
 H - a scroll of noise {unknown}
 K - a scroll of recharging
 M - a scroll of fear {unknown}
Potions
 f - a potion of lignification
 g - 2 potions of agility
 i - a potion of invisibility
 l - a potion of magic
 w - 3 potions of mutation {unknown}
 B - 2 potions of heal wounds {@q2}
Books
 e - a book of Geomancy

   Spells                             Type                      Level
   a - Sandblast                      Earth                        1
   b - Passwall                       Transmutation/Earth          2
   c - Stone Arrow                    Conjuration/Earth            3
   d - Petrify                        Transmutation/Earth          4
   e - Lee's Rapid Deconstruction     Earth                        5
 J - a book of Minor Magic

   Spells                             Type                      Level
   a - Magic Dart                     Conjuration                  1
   b - Blink                          Translocation                2
   c - Call Imp                       Summoning                    2
   d - Repel Missiles                 Charms/Air                   2
   e - Slow                           Hexes                        2
   f - Conjure Flame                  Conjuration/Fire             3
   g - Mephitic Cloud                 Conjuration/Poison/Air       3
Comestibles
 d - 3 bread rations {@e1}
 A - a fruit {@e2}
 N - a slice of pizza {@e2}


   Skills:
 - Level 3.0 Fighting
 - Level 8.0 Dodging
 - Level 3.0 Stealth
 + Level 10.4 Spellcasting
 - Level 1.3 Transmutations
 + Level 6.4 Earth Magic
 - Level 2.1 Evocations


You had 3 spell levels left.
You knew the following spells:

 Your Spells              Type           Power        Failure   Level  Hunger
a - Sandblast             Erth           #####.       1%          1    None
d - Lee's Rapid Deconstr  Erth           #####.....   14%         5    ####...
o - Conjure Flame         Conj/Fire      ##......     21%         3    None
p - Mephitic Cloud        Conj/Pois/Air  ##......     21%         3    None
r - Repel Missiles        Chrm/Air       ##....       12%         2    None
t - Stone Arrow           Conj/Erth      ###...       8%          3    None
v - Blink                 Tloc           N/A          12%         2    None
w - Passwall              Tmut/Erth      ####......   1%          2    None
y - Petrify               Tmut/Erth      ####....     14%         4    ##.....


Dungeon Overview and Level Annotations

Branches:
Dungeon (7/15)             Temple (0/1) D:7

Altars:
Cheibriados
Nemelex Xobeh
Qazlal
Sif Muna
Vehumet
Yredelemnul

Shops:
D:5 [   D:6 *

Annotations:
D:7 Joseph


Innate Abilities, Weirdness & Mutations

You are very small and have problems with some larger weapons.
You are too small for most types of armour.
You have supernaturally acute eyesight. (SInv)
You are a herbivore.
You cover ground extremely quickly.
You need consume almost no food.


Message History

Joseph shouts!
Joseph shoots a sling bullet.
The sling bullet barely misses you.
Casting: Stone Arrow
Confirm with . or Enter, or press ? or * to list all spells.
Aiming: Stone Arrow
Press: ? - help, Shift-Dir - straight line, f - Joseph
Aim: Joseph, wielding a hunting sling of freezing and wearing a leather armour The stone arrow misses Joseph.
Joseph shoots a sling bullet.
The sling bullet hits you!!
* * * LOW HITPOINT WARNING * * *
The sling bullet freezes you.
* * * LOW HITPOINT WARNING * * *
Casting: Stone Arrow
Confirm with . or Enter, or press ? or * to list all spells.
Aiming: Stone Arrow
Press: ? - help, Shift-Dir - straight line, p - Joseph
Okay, then.
Unknown command.
Joseph shoots a sling bullet.
The sling bullet hits you!
You die...

**,,,,,,**░.░ ░.<.░ ░....o
*,,,,,,,* ░.░ ░░░░..o░░░.░...
*,,,,,,,* ░.░ ░.<.....░░.░...
*,,,,,,,* ░.░░░░.░░░[░..░.░...
****,,,,,** ░.░░...░ ░..........
**,,,.,,,,* ░.░░.░░░░░░.........
,,,,,...,,* ░░.░░➘.➘.....░░......
,,*,,>....░░░➘..)➘░░░░░░.........
,,*,,...........i................
,,,,,............░░░░░░░..░░.....
,,*,,..................░..*░.....
,,**,..........░..........*░.....
,,**,......░............,,**,,,,,
*****▒▒...░░.......@....,,**,,,,,
**▩▒▒..........>.....,,,,,,,,,
****,,,▒▒▒▒░░░..........,***,*,,,
*,,,,,,,,,** ░..........,* *,****


You could see Joseph.

Vanquished Creatures
  A water moccasin (D:5)
  3 orc warriors
  2 black bears
  A sky beast (D:7)
  4 ogres
  A centaur (D:5)
  2 bullfrogs (D:6)
  A scorpion (D:5)
  A water moccasin skeleton (D:5)
  A jelly (D:1)
  A crimson imp (D:6)
  5 howler monkeys
  4 hounds
  Crazy Yiuf (D:2)
  2 bullfrog skeletons
  3 orc priests
  A centaur skeleton (D:4)
  Jessica (D:2)
  Terence (D:2)
  2 iguanas
  5 orc wizards
  4 worker ants
  A killer bee zombie (D:6)
  2 hound zombies
  8 adders
  6 shadow imps
  7 oozes
  2 dart slugs (D:3)
  3 leopard geckos
  22 orcs
  9 giant cockroaches
  8 hobgoblins
  12 jackals
  8 kobolds
  3 quokkas
  2 ball pythons
  10 bats
  3 frilled lizards
  6 goblins
  18 rats
177 creatures vanquished.

Vanquished Creatures (others)
  An orc (D:5)
  A bat (D:2)
  A kobold (D:2)
3 creatures vanquished.

Grand Total: 180 creatures vanquished

Notes
Turn   | Place    | Note
-------+----------+-------------------------------------------
     0 | D:1      | utis the Spriggan Earth Elementalist began the quest for the Orb.
     0 | D:1      | Reached XP level 1. HP: 9/9 MP: 5/5
     0 | D:1      | Noticed a jelly
     1 | D:1      | Found a runed door.
    88 | D:1      | Reached skill level 3 in Spellcasting
   129 | D:1      | Reached XP level 2. HP: 10/13 MP: 0/7
   389 | D:1      | Learned a level 2 spell: Passwall
  1444 | D:1      | Reached XP level 3. HP: 16/16 MP: 3/9
  1734 | D:1      | Learned a level 3 spell: Stone Arrow
  2331 | D:1      | Reached skill level 4 in Spellcasting
  2331 | D:1      | Reached XP level 4. HP: 21/21 MP: 7/11
  3102 | D:2      | Found a radiant altar of Vehumet.
  3451 | D:2      | Found a runed door.
  3460 | D:2      | Noticed Crazy Yiuf
  3489 | D:2      | Killed Crazy Yiuf
  3489 | D:2      | Reached skill level 5 in Spellcasting
  3489 | D:2      | Reached XP level 5. HP: 10/24 MP: 7/13
  3830 | D:2      | Reached skill level 1 in Evocations
  3903 | D:2      | Noticed Jessica
  3910 | D:2      | Killed Jessica
  3926 | D:2      | Noticed Terence
  3955 | D:2      | Killed Terence
  4864 | D:3      | Reached skill level 6 in Spellcasting
  4864 | D:3      | Reached XP level 6. HP: 25/28 MP: 16/16
  5378 | D:3      | Learned a level 4 spell: Petrify
  5384 | D:3      | Learned a level 5 spell: Lee's Rapid Deconstruction
  5514 | D:4      | Reached skill level 7 in Spellcasting
  5736 | D:4      | Reached skill level 8 in Spellcasting
  5736 | D:4      | Reached XP level 7. HP: 23/32 MP: 17/19
  6143 | D:4      | Found a sparkling altar of Nemelex Xobeh.
  6154 | D:4      | Reached skill level 1 in Fighting
  6216 | D:4      | Found a snail-covered altar of Cheibriados.
  6217 | D:4      | Found a deep blue altar of Sif Muna.
  6218 | D:4      | Found a basalt altar of Yredelemnul.
  6599 | D:5      | Entered Level 5 of the Dungeon
  6599 | D:5      | Found Oqemieme's Armour Boutique.
  6805 | D:5      | Reached skill level 5 in Dodging
  7503 | D:5      | Reached XP level 8. HP: 23/39 MP: 13/21
  8377 | D:6      | Learned a level 2 spell: Repel Missiles
  8381 | D:6      | Learned a level 3 spell: Mephitic Cloud
  8385 | D:6      | Learned a level 3 spell: Conjure Flame
  8614 | D:6      | Found Avestiem's General Store.
  8622 | D:6      | Bought a potion of heal wounds for 60 gold pieces
  8775 | D:6      | Found a stormy altar of Qazlal.
  8805 | D:6      | Reached skill level 5 in Earth Magic
  8940 | D:6      | Reached skill level 9 in Spellcasting
  9213 | D:6      | Learned a level 2 spell: Blink
  9839 | D:7      | Reached XP level 9. HP: 34/44 MP: 23/23
  9845 | D:7      | Noticed Joseph
 10215 | D:6      | Found a stormy altar of Qazlal.
 10283 | D:6      | Found Avestiem's General Store.
 10753 | D:6      | Reached skill level 10 in Spellcasting
 11109 | D:7      | Found a staircase to the Ecumenical Temple.
 11247 | D:7      | Shot with a sling bullet by Joseph

Vault maps used:
D:1:      dpeg_arrival_caged_fury
D:2:      fiery_altar_vehumet, serial_bayou, serial_bayou_ford_a,
          serial_bayou_pond_e, serial_bayou_lagoon_a, serial_bayou_lake_a,
          st_stairs_9, kennysheep_generic_room_3, uniq_terence,
          uniq_crazy_yiuf_cottage, uniq_jessica
D:3:      first_bread
D:4:      minmay_wonky_spiral, chequers_temple_overflow_statue_of_worship
D:5:      serial_shops, nicolae_shop_temple_entry_statues_fountains
D:6:      grunt_qazlal_clouds, serial_shops, shop
D:7:      chequers_temple_overflow_minitemple, uniq_joseph

Skill      XL: |  1  2  3  4  5  6  7  8  9 |
---------------+----------------------------+-----
Spellcasting   | 3 4 5 6 8 9 10 | 10.4
Earth Magic    | 3 4 5 6 |  6.4
Evocations     | 2 |  2.1
Fighting       | 2 3 |  3.0
Dodging        | 6 8 |  8.0
Stealth        | |  3.0
Transmutations | |  1.3

Action                   |  1- 3 |  4- 6 |  7- 9 || total
-------------------------+-------+-------+-------++-------
Melee: Dagger            |     3 |   117 |   235 ||   355
       Short sword       |       |     2 |       ||     2
Throw: Tomahawk          |       |       |     1 ||     1
 Cast: Sandblast         |    82 |    52 |    72 ||   206
       Stone Arrow       |       |     1 |    27 ||    28
Evoke: Wand              |       |     6 |       ||     6
  Use: Scroll            |       |     5 |     5 ||    10
 Stab: Sleeping          |       |     5 |     9 ||    14
  Eat: Bread ration      |       |     1 |     1 ||     2
Armor: Robe              |     2 |    18 |    16 ||    36
Dodge: Dodged            |    37 |    92 |   248 ||   377
